 Dungeon Crawl Stone Soup version 0.28.0-43-g3370ac3207 (webtiles) character file.

Game seed: 13589002129181763783

36298 rlgrobin the Cruncher (level 13, 0/83 HPs)
             Began as a Gargoyle Earth Elementalist on Mar 4, 2022.
             Was an Initiate of Gozag.
             Shot with an arrow by Nessos (8 damage)
             ... on level 4 of the Lair of Beasts.
             The game lasted 00:40:56 (20126 turns).

rlgrobin the Cruncher (GrEE)                       Turns: 20126, Time: 00:40:56

Health: 0/83       AC: 30    Str: 20    XL:     13   Next: 89%
Magic:  13/17      EV:  9    Int: 16    God:    Gozag
Gold:   2963       SH:  0    Dex: 10    Spells: 13/21 levels left

rFire   + . .      SeeInvis .   a - +6 quarterstaff (flame)
rCold   . . .      Faith    .   (shield currently unavailable)
rNeg    + + .      Spirit   .   l - +3 plate armour {Will+}
rPois   ∞          Reflect  .   (no helmet)
rElec   +          Harm     .   q - +0 cloak
rCorr   +          Rampage  .   F - +0 pair of gloves
Will    +....                   (no boots)
Stlth   ..........              t - amulet of regeneration
HPRegen 1.03/turn               Q - ring of protection from fire
MPRegen 0.15/turn               C - ring of the Commoners {rN+ rCorr Str+3}

@: no status effects
A: sickness immunity, AC +9, negative energy resistance 1, electricity
resistance, torment resistance 1, petrification resistance, low MP 1
a: Renounce Religion, Potion Petition, Call Merchant, Bribe Branch


You were on level 4 of the Lair of Beasts.
You worshipped Gozag.
Gozag was most pleased with you.
You visited 3 branches of the dungeon, and saw 19 of its levels.
You also visited: Sewer and Bailey.

You collected 3879 gold pieces.
You paid 916 gold pieces to Gozag.

Inventory:

Hand Weapons
 a - a +6 quarterstaff of flaming (weapon)
Missiles
 c - 312 stones
 p - 5 curare-tipped darts
 r - a throwing net (quivered)
 D - 9 poisoned darts
Armour
 i - an orb of energy
 l - a +3 plate armour of willpower (worn)
 q - a +0 cloak (worn)
 F - a +0 pair of gloves (worn)
 J - a +2 scale mail of fire resistance
 K - a +3 plate armour of cold resistance
Magical Staves
 o - a staff of conjuration
Jewellery
 t - an amulet of regeneration (around neck)
 C - the ring of the Commoners (right hand) {rN+ rCorr Str+3}
   (You acquired it on level 1 of the Lair of Beasts)

   [ring of positive energy]

   Str:       It affects your strength (+3).
   rN:        It protects you from negative energy.
   rCorr:     It protects you from acid and corrosion.
 L - a ring of protection from cold
 Q - a ring of protection from fire (left hand)
 T - a +6 ring of strength
Wands
 h - a wand of paralysis (3)
 B - a wand of digging (6)
 G - a wand of flame (6)
 R - a wand of polymorph (3)
 S - a wand of iceblast (15)
Scrolls
 e - 2 scrolls of amnesia
 g - a scroll of magic mapping
 k - 3 scrolls of vulnerability
 m - 5 scrolls of teleportation
 n - a scroll of torment
 s - a scroll of silence
 v - 8 scrolls of identify
 x - a scroll of enchant armour
 y - a scroll of noise
 I - 3 scrolls of brand weapon
 M - 4 scrolls of immolation
 N - a scroll of enchant weapon
 P - 2 scrolls of blinking
Potions
 b - 2 potions of ambrosia
 d - 7 potions of curing
 f - 4 potions of attraction
 j - 2 potions of brilliance
 u - 2 potions of cancellation
 z - 3 potions of heal wounds
 A - a potion of flight
 E - 2 potions of mutation
 H - 3 potions of haste
 O - a potion of might


   Skills:
 + Level 10.3 Fighting
 - Level 14.0 Staves
 + Level 1.1 Throwing
 + Level 10.4 Armour
 * Level 8.8 Dodging
 - Level 2.1 Stealth
 + Level 4.5 Spellcasting
 + Level 5.0 Transmutations
 + Level 6.7 Earth Magic


You had 13 spell levels left.
You knew the following spells:

 Your Spells              Type           Power      Damage    Failure   Level
a - Sandblast             Erth           50%        2d12      17%         1
b - Stone Arrow           Conj/Erth      28%        3d8       89%         3
p - Wereblood             Tmut           19%        N/A       45%         2
q - Passwall              Tmut/Erth      18%        N/A       34%         2

Your spell library contained the following spells:

 Spells                   Type           Power      Damage    Failure   Level
 Petrify                  Tmut/Erth      22%        N/A       93%         4
 Spider Form              Tmut/Pois      11%        N/A       96%         3
 Ozocubu's Armour         Ice            3%         N/A       100%        3
 Tukima's Dance           Hex            3%         N/A       100%        3
 Passage of Golubria      Tloc           3%         N/A       100%        4
 Summon Forest            Summ/Tloc      1%         N/A       100%        5
 Summon Mana Viper        Hex/Summ       3%         N/A       100%        5
 Yara's Violent Unravell  Hex/Tmut       5%         3d4       100%        5
 Summon Cactus Giant      Summ           1%         N/A       100%        6
 Haunt                    Necr/Summ      1%         N/A       100%        7
 Malign Gateway           Summ/Tloc      1%         N/A       100%        7
 Ozocubu's Refrigeration  Ice            1%         4d5       100%        7


Dungeon Overview and Level Annotations

Branches:
Dungeon (14/15)            Temple (1/1) D:5            Lair (4/6) D:11
  Swamp (0/4) Lair:2        Snake (0/4) Lair:2          Orc (0/2) D:11
  Sewer (visited)          Bailey (visited)
 Vaults: D:13-14

Altars:
Ashenzari
Cheibriados
Dithmenos
Elyvilon
Fedhas
Gozag
Hepliaklqana
Kikubaaqudgha
Makhleb
Nemelex Xobeh
Okawaru
Qazlal
Ru
Sif Muna
Trog
Uskayaw
Vehumet
Wu Jian
Xom
Yredelemnul
Zin
The Shining One
Jiyva

Shops:
D:5 *

Annotations:
D:10 Gastronok
Lair:1 3 runed translucent doors, mandor's ghost, journeyman OpTm
Lair:2 3 runed translucent doors, Pamiuf's ghost, journeyman KoSu
Lair:4 Nessos; Snorg


Innate Abilities, Weirdness & Mutations

You are immune to sickness and miasma.
Your stone body is resilient. (AC +9)
You are immune to poison.
You resist negative energy. (rN+)
You are resistant to electric shocks. (rElec)
You are resistant to unholy torment.
You are immune to petrification.
Your magical capacity is low. (-10% MP)


Message History

Aiming: Sandblast (safe; 17% risk of failure)
Press: ? - help, Shift-Dir - straight line, f/p - six-headed hydra
Aim: a six-headed hydra (almost dead, 93% to hit)
The blast of sand hits the six-headed hydra.
The six-headed hydra is almost dead.
c - 312 stones The six-headed hydra bites you!
* * * LOW HITPOINT WARNING * * *
The six-headed hydra bites you but does no damage. x3
The six-headed hydra bites you!
* * * LOW HITPOINT WARNING * * *
The six-headed hydra bites you but does no damage.
You take 20 damage, and have 13/83 hp.
Your magical contamination has completely faded away.
Nessos the Markscentaur comes into view.
They are carrying a wand of paralysis (8).
Nessos shouts!
Nessos casts a spell.
Nessos seems to speed up.
Nessos gestures wildly while chanting.
Nessos blinks!
Unknown command.
Okay, then.
Unknown command.
Okay, then.
Unknown command.
As you read the scroll of fear, it crumbles to dust.
You assume a fearsome visage.
Nessos looks frightened!
The six-headed hydra looks frightened!
Nessos casts a spell.
Nessos blinks!
Nessos mumbles some strange words.
Nessos blinks!
Nessos wields a +2 longbow of flaming.
It bursts into flame!
Nessos shoots an arrow.
The arrow hits you!!
* * * LOW HITPOINT WARNING * * *
The arrow burns you.
* * * LOW HITPOINT WARNING * * *
Nessos shoots an arrow.
The arrow hits you!
You die...
Your body crumbles into a pile of gold.

#...###...##....# ### #..
#...##..#.##....######.###..
#...........................
#...........................
##....D>....................
#...............#.####......
##.####...#.....#########...
#. #..##.......# ##.###....
.. #....#.@....###...##....
##. #...§.#.....##....##....
#......#......<.....#....
##.c...P.....##..........
#...........#####.#P....
.....##.....# #.###...
.###.# #.....# #+# ....
....... .... . ...


You could see Nessos (fast) and a six-headed hydra (fleeing).

Vanquished Creatures
  Rupert (Lair:3)
  Harold (D:7)
  3 hydras
  Fannar (D:10)
  A catoblepas (Lair:4)
  An ogre mage (D:12)
  Erica (D:9)
  8 two-headed ogres
  2 death yaks
  A swamp dragon (Lair:1)
  A bog body (Lair:2)
  An orc knight (Bailey)
  A deep elf pyromancer (Bailey)
  A manticore (D:12)
  An ugly thing (shapeshifter) (D:12)
  4 elephants (Lair:2)
  4 black mambas
  3 cane toads
  An unseen horror (D:11)
  3 rime drakes
  4 komodo dragons
  A troll (D:8)
  A hornet (D:10)
  A polar bear (Lair:2)
  5 slime creatures
  8 blink frogs
  A ynoxinul (D:13)
  31 yaks
  2 wraiths (D:10)
  2 vampire mosquitoes (D:12)
  A steam dragon (D:8)
  4 nagas (Lair:2)
  A warg (D:11)
  An acid dragon (D:9)
  9 water moccasins
  11 orc warriors
  2 sky beasts (D:7)
  A black bear (Lair:2)
  A necrophage (D:8)
  2 hornet zombies
  An ice beast (D:6)
  8 wolves
  3 ogres
  8 centaurs
  A phantom (D:6)
  3 kobold brigands
  Blork the orc (D:4)
  7 bullfrogs
  A gnoll sergeant (D:12)
  2 scorpions
  8 killer bees
  2 electric eels (Lair:1)
  4 wights (D:7)
  4 lava snakes (Lair:1)
  Crazy Yiuf (D:4)
  3 centaur zombies
  2 hounds
  4 jellies
  10 orc priests
  2 iguanas
  A centaur skeleton (D:6)
  8 orc wizards
  Terence (D:2)
  2 hound zombies (D:5)
  A howler monkey zombie (D:7)
  8 gnolls
  A howler monkey skeleton (D:5)
  3 adders
  9 river rats (Sewer)
  2 shadow imps (D:6)
  4 white imps
  4 worms
  2 dart slugs (D:2)
  36 orcs
  11 ball pythons
  6 endoplasms
  A giant cockroach (D:3)
  5 goblins
  6 hobgoblins
  A jackal (D:2)
  5 quokkas
  7 bats
  6 frilled lizards
  22 kobolds
  24 rats
380 creatures vanquished.

Vanquished Creatures (others)
  A centaur (D:12)
  17 fungi
  10 plants
28 creatures vanquished.

Grand Total: 408 creatures vanquished

Notes
Turn   | Place    | Note
-------+----------+-------------------------------------------
     0 | D:1      | rlgrobin the Gargoyle Earth Elementalist began the quest
                  | for the Orb.
     0 | D:1      | Reached XP level 1. HP: 10/10 MP: 3/3
   892 | D:1      | Reached XP level 2. HP: 5/15 MP: 3/5
  2380 | D:1      | Found a faded altar of an unknown god.
  2690 | D:2      | Reached XP level 3. HP: 19/19 MP: 2/7
  2932 | D:2      | Reached XP level 4. HP: 24/24 MP: 5/8
  3037 | D:2      | Reached skill level 5 in Earth Magic
  3126 | D:2      | Noticed Terence
  3136 | D:2      | Killed Terence
  3404 | D:2      | HP: 2/24 [gnoll/+1 whip of draining (3)]
  3418 | D:2      | Reached XP level 5. HP: 3/28 MP: 10/10
  4346 | D:3      | Noticed an ogre
  4354 | D:3      | Killed an ogre
  4355 | D:3      | Reached skill level 1 in Fighting
  4368 | D:3      | Reached XP level 6. HP: 23/34 MP: 8/12
  5015 | D:3      | Learned a level 2 spell: Passwall
  5019 | D:3      | Learned a level 3 spell: Stone Arrow
  5362 | D:4      | Found a blossoming altar of Fedhas.
  5491 | D:4      | Reached skill level 1 in Armour
  5785 | D:4      | Noticed Blork the orc
  5796 | D:4      | Killed Blork the orc
  5797 | D:4      | Reached XP level 7. HP: 22/41 MP: 10/13
  6122 | D:4      | Found a runed translucent door.
  6123 | D:4      | Noticed Crazy Yiuf
  6132 | D:4      | Killed Crazy Yiuf
  6166 | D:5      | Entered Level 5 of the Dungeon
  6213 | D:5      | Found Qiuwac's Overcharged Wands.
  6331 | D:5      | Reached skill level 1 in Staves
  6351 | D:5      | Found a staircase to the Ecumenical Temple.
  6363 | Temple   | Entered the Ecumenical Temple
  6612 | Temple   | Became a worshipper of Gozag Ym Sagoz the Greedy
  7318 | D:6      | Reached skill level 2 in Staves
  7361 | D:6      | Reached XP level 8. HP: 48/48 MP: 10/14
  7493 | D:6      | Reached skill level 5 in Fighting
  7537 | D:6      | Reached skill level 3 in Staves
  7663 | D:6      | Found a glowing drain.
  7679 | Sewer    | Entered a sewer
  8516 | D:6      | Reached skill level 5 in Armour
  8629 | D:6      | Reached skill level 4 in Staves
  9331 | D:7      | Reached XP level 9. HP: 49/55 MP: 11/15
  9383 | D:7      | Noticed Harold
  9398 | D:7      | Killed Harold
  9399 | D:7      | Reached skill level 6 in Staves
  9404 | D:7      | Found a flagged portal.
  9425 | D:7      | Reached skill level 7 in Staves
  9443 | D:7      | Reached skill level 8 in Staves
  9470 | D:7      | Reached skill level 9 in Staves
  9482 | D:7      | Reached XP level 10. HP: 45/60 MP: 16/16
  9491 | Bailey   | Entered a bailey
  9655 | Bailey   | Reached skill level 10 in Staves
  9703 | Bailey   | Noticed an orc knight
  9770 | Bailey   | Found a large runed translucent door.
  9770 | Bailey   | Found a large runed translucent door.
  9771 | Bailey   | Noticed a deep elf pyromancer
  9785 | Bailey   | Killed an orc knight
  9950 | Bailey   | Killed a deep elf pyromancer
  9951 | Bailey   | Reached skill level 11 in Staves
 10697 | D:8      | Reached skill level 12 in Staves
 11621 | D:9      | Noticed a two-headed ogre
 11649 | D:8      | Gained mutation: Your magical capacity is low. (-10% MP)
                  | [potion of mutation]
 11660 | D:8      | Reached XP level 11. HP: 55/64 MP: 15/15
 11666 | D:9      | Killed a two-headed ogre
 11667 | D:9      | Reached skill level 13 in Staves
 11730 | D:9      | Noticed a two-headed ogre
 11751 | D:9      | Killed a two-headed ogre
 11837 | D:9      | Got the Disquisition on Supportive Transmutation
 11860 | D:9      | Noticed Erica
 11867 | D:9      | Killed Erica
 11928 | D:9      | Noticed a two-headed ogre
 11945 | D:9      | Killed a two-headed ogre
 11946 | D:9      | Reached skill level 14 in Staves
 12447 | D:10     | Entered Level 10 of the Dungeon
 12659 | D:10     | Noticed Gastronok
 12810 | D:10     | Noticed Fannar
 12863 | D:10     | Killed Fannar
 13182 | D:11     | Noticed a two-headed ogre
 13207 | D:11     | Killed a two-headed ogre
 13262 | D:11     | Found a staircase to the Orcish Mines.
 13607 | D:11     | Noticed a two-headed ogre
 13733 | D:11     | Noticed Sonja
 13734 | D:11     | Noticed Sonja
 13734 | D:11     | Sonja changed into Sonja the yak
 13744 | D:11     | Killed Sonja the yak
 13782 | D:11     | Killed a two-headed ogre
 13808 | D:11     | Reached XP level 12. HP: 58/73 MP: 11/16
 14050 | D:11     | Found a staircase to the Lair.
 14325 | D:12     | You fall into a shaft and drop 2 floors!
 14334 | D:13     | HP: 6/73 [efreet/+1 scimitar of flaming (2)]
 14341 | D:13     | Reached skill level 5 in Dodging
 14425 | D:12     | Learned a level 2 spell: Wereblood
 14622 | D:12     | Reached skill level 1 in Transmutations
 14832 | D:12     | Noticed a two-headed ogre
 14840 | D:12     | Noticed an ogre mage
 14905 | D:11     | Killed a two-headed ogre
 14937 | D:12     | Noticed a two-headed ogre
 14940 | D:12     | Killed an ogre mage
 14943 | D:12     | Noticed a two-headed ogre
 14951 | D:12     | Killed a two-headed ogre
 14977 | D:11     | Killed a two-headed ogre
 15750 | D:11     | Identified the +5 mace of Overwhelming Force {venom, Int+4}
 16040 | Lair:1   | Entered Level 1 of the Lair of Beasts
 16119 | Lair:1   | Found a runed translucent gate.
 16119 | Lair:1   | Found a runed translucent gate.
 16120 | Lair:1   | Found a runed translucent gate.
 16120 | Lair:1   | Noticed mandor's ghost (journeyman OpTm)
 16130 | Lair:1   | Noticed an eight-headed hydra
 16137 | Lair:1   | Killed an eight-headed hydra
 17095 | Lair:1   | Reached XP level 13. HP: 66/80 MP: 10/17
 17228 | Lair:1   | HP: 7/80 [death yak (32)]
 17347 | Lair:1   | Identified a scroll of acquirement
 17351 | Lair:1   | Acquired the ring of the Commoners {rN+ rCorr Str+3}
 17494 | Lair:2   | Found a staircase to the Swamp.
 17587 | Lair:2   | Found a runed translucent gate.
 17588 | Lair:2   | Found a runed translucent gate.
 17589 | Lair:2   | Found a runed translucent gate.
 17633 | Lair:2   | Noticed Pamiuf's ghost (journeyman KoSu)
 17692 | Lair:2   | Found a viscous altar of Jiyva.
 18123 | Lair:2   | Found a staircase to the Snake Pit.
 18381 | Lair:2   | Reached skill level 10 in Fighting
 18381 | Lair:2   | Reached skill level 10 in Armour
 19084 | Lair:3   | Noticed Rupert
 19245 | Lair:3   | Killed Rupert
 19956 | Lair:4   | Noticed Snorg
 20030 | Lair:4   | Reached skill level 1 in Throwing
 20041 | Lair:4   | Reached skill level 5 in Transmutations
 20123 | Lair:4   | Noticed Nessos
 20126 | Lair:4   | HP: 8/83 [Nessos/arrow (2)]
 20126 | Lair:4   | Shot with an arrow by Nessos

Illustrated notes

Levels and vault maps discovered:
D:1:      roderic_octagonal_star, layout_basic, ebering_ecumenical_altar_hall,
          serial_park_tiny_2, minmay_heptomino_h4
D:2:      layout_basic, minmay_ruptured, uniq_terence
D:3:      layout_rooms, feat_on_display
D:4:      layout_basic, old_standard_altar, kennysheep_decorative_pillar,
          uniq_crazy_yiuf_cottage, uniq_blork_the_orc
D:5:      layout_basic, minmay_temple_entry_large_hall,
          nicolae_shop_overcharged_wands
D:6:      layout_layer_cave, cheibrodos_sewer_entry_bend
D:7:      layout_cave_pools, enter_bailey_2, uniq_harold
D:8:      layout_loops_cross
D:9:      layout_long_grid, st_stairs_5, uniq_erica
D:10:     layout_irregular_city, uniq_gastronok, uniq_fannar
D:11:     layout_rooms, lair_entry_dummy, david_orc_1_choice, uniq_sonja
D:12:     layout_layer_cave
D:13:     layout_basic, david_vaults_5, serial_shops, shop_scrolls,
          chequers_mini_garden
D:14:     layout_basic, serial_undead, serial_undead_f, serial_undead_d,
          serial_undead_c, serial_undead_a, chequers_serial_rivers_small_a,
          hex_tiny, minivault_21, tgw_trog
Temple:   nicolae_temple_the_god_donut
Lair:1:   layout_loops_ring, gammafunk_ghost_split, nicolae_lair_liquid_snakes
Lair:2:   layout_regular_city, skrybe_swamp_entry_bodies,
          minmay_snake_entry_guardpost_small, gammafunk_ghost_ooze,
          minmay_stone_trees_small, serial_bayou_shore_b
Lair:3:   layout_hall_layers, uniq_rupert
Lair:4:   layout_regular_city, gammafunk_ghost_hydra_chop,
          hangedman_tree_tricks, beast_lair_carwin_5, uniq_snorg, uniq_nessos,
          uniq_josephine

Skill      XL: |  1  2  3  4  5  6  7  8  9 10 11 12 13 |
---------------+----------------------------------------+-----
Earth Magic    | 4 5 6 |  6.7
Spellcasting   | 3 4 |  4.5
Fighting       | 1 3 4 6 7 9 10 | 10.3
Armour         | 1 3 5 6 7 9 10 | 10.4
Dodging        | 2 3 4 7 8 |  8.8
Staves         | 2 4 9 12 14 | 14.0
Transmutations | 3 5 |  5.0
Throwing       | 1 |  1.1
Stealth        | |  2.1

Action                   |  1- 3 |  4- 6 |  7- 9 | 10-12 | 13-15 || total
-------------------------+-------+-------+-------+-------+-------++-------
Melee: Short sword       |    35 |       |       |       |       ||    35
       Unarmed           |     3 |       |       |       |       ||     3
       Punch             |     2 |     1 |       |       |       ||     3
       Dagger            |    60 |    13 |       |       |       ||    73
       Whip              |       |   188 |    10 |       |       ||   198
       Quarterstaff      |       |       |   278 |   592 |   307 ||  1177
Throw: Dart              |       |     3 |     6 |    71 |     9 ||    89
       Stone             |       |       |       |     4 |       ||     4
       Throwing net      |       |       |       |       |     4 ||     4
 Cast: Sandblast         |    20 |    24 |    70 |    79 |    39 ||   232
       Wereblood         |       |       |       |       |     3 ||     3
Invok: Potion Petition   |       |       |       |     2 |       ||     2
Evoke: Wand              |       |     3 |     7 |    12 |       ||    22
  Use: Potion            |       |       |     5 |    10 |       ||    15
       Scroll            |       |       |     2 |    14 |     8 ||    24
 Stab: Sleeping          |     3 |       |       |       |       ||     3
       Petrifying        |       |       |     1 |       |       ||     1
       Petrified         |       |       |     1 |       |       ||     1
       Invisible         |       |       |       |     7 |       ||     7
       Paralysed         |       |       |       |     9 |       ||     9
       Held in net/web   |       |       |       |       |     1 ||     1
Armor: Robe              |    32 |       |       |       |       ||    32
       Ring mail         |     1 |   116 |       |       |       ||   117
       Scale mail        |       |    56 |   176 |   325 |    72 ||   629
       Plate armour      |       |       |       |    15 |   108 ||   123
Dodge: Dodged            |    92 |   129 |   177 |   316 |   119 ||   833
